 Dungeon Crawl Stone Soup version 0.21-a0-331-gfb491b4 (webtiles) character file.

707 4thArraOfDagon the Fighter (level 7, 10/63 HPs)
             Began as a Gnoll Wanderer on Oct 2, 2017.
             Was an Initiate of Ashenzari.
             Quit the game on level 6 of the Dungeon.
             The game lasted 00:08:17 (1443 turns).

4thArraOfDagon the Fighter (Gnoll Wanderer)         Turns: 1443, Time: 00:08:18

Health: 10/63      AC:  5    Str: 12    XL:     7   Next: 67%
Magic:  10/10      EV: 11    Int: 17    God:    Ashenzari [......]
Gold:   251        SH:  0    Dex: 16    Spells: 11/11 levels left

rFire    . . .     SeeInvis .   m - +0 trident
rCold    . . .     Gourm    .   (no shield)
rNeg     . . .     Faith    .   c - +0 ring mail
rPois    .         Spirit   .   (no helmet)
rElec    .         Reflect  .   (no cloak)
rCorr    .         Harm     .   (no gloves)
MR       .....                  (no boots)
Stlth    ++........             w - amulet of magic regeneration
HPRegen  0.20/turn              (no ring)
MPRegen  0.37/turn              (no ring)

@: lethally poisoned (10 -> -3)
A: distributed training, fangs 1, strong nose
a: Curse Item, Renounce Religion


You were on level 6 of the Dungeon.
You worshipped Ashenzari.
Ashenzari was noncommittal.
You were not hungry.

You visited 2 branches of the dungeon, and saw 8 of its levels.

You collected 251 gold pieces.

Inventory:

Hand Weapons
 b - a +2 blowgun
 e - a +0 whip
 m - a +0 trident (weapon)
Missiles
 a - 7 curare-tipped needles
 h - 3 javelins (quivered)
 i - 3 needles of confusion
Armour
 c - a +0 ring mail (worn)
Jewellery
 w - an amulet of magic regeneration (around neck)
Scrolls
 d - 4 scrolls of teleportation
 g - 2 scrolls of immolation
 k - a scroll of fear
 l - a scroll of enchant weapon
 s - a scroll of identify
 x - a scroll of magic mapping
Potions
 o - a potion of heal wounds
 p - a potion of curing {unknown}
 q - a potion of mutation {unknown}
 r - a potion of agility {unknown}
 t - a potion of brilliance
 u - a potion of invisibility
 v - a potion of flight {unknown}
Comestibles
 f - 7 bread rations
 j - a royal jelly
 n - 2 meat rations
 z - 3 chunks of flesh


   Skills:
 + Level 8.9 Fighting
 + Level 2.6 Short Blades
 + Level 2.6 Long Blades
 + Level 2.6 Axes
 + Level 5.3 Maces & Flails
 + Level 2.6 Polearms
 + Level 2.6 Staves
 + Level 2.6 Slings
 + Level 2.6 Bows
 + Level 3.7 Crossbows
 + Level 5.3 Throwing
 + Level 3.7 Armour
 + Level 2.6 Dodging
 + Level 2.6 Stealth
   Level 0.0 Stabbing
 + Level 2.6 Shields
   Level 0.0 Traps
 + Level 2.6 Unarmed Combat
 + Level 2.6 Spellcasting
 + Level 2.6 Conjurations
 + Level 2.6 Hexes
 + Level 2.6 Charms
 + Level 2.6 Summonings
 + Level 2.6 Necromancy
 + Level 2.6 Translocations
 + Level 2.6 Transmutations
 + Level 2.6 Fire Magic
 + Level 2.6 Ice Magic
 + Level 2.6 Air Magic
 + Level 2.6 Earth Magic
 + Level 2.6 Poison Magic
 + Level 2.6 Invocations
 + Level 2.6 Evocations


You had 11 spell levels left.
You didn't know any spells.

Dungeon Overview and Level Annotations

Branches:
Dungeon (7/15)             Temple (1/1) D:7

Altars:
Ashenzari
Dithmenos
Elyvilon
Fedhas
Gozag
Hepliaklqana
Kikubaaqudgha
Makhleb
Okawaru
Qazlal
Ru
Sif Muna
Uskayaw
Vehumet
Xom
Yredelemnul
The Shining One


Innate Abilities, Weirdness & Mutations

Your experience applies equally to all skills.
You have very sharp teeth.
Your uncanny sense of smell can sniff out nearby items.


Message History

You are too injured to fight recklessly!
You hit the scorpion but do no damage.
The scorpion is almost dead.
The scorpion stings you.
You are poisoned.
The scorpion poisons you!
You barely miss the scorpion.
The scorpion is almost dead.
You feel sick. The scorpion stings you.
* * * LOW HITPOINT WARNING * * *
You are more poisoned.
The scorpion poisons you!
You barely miss the scorpion.
You bite the scorpion, but do no damage.
The scorpion is almost dead.
* * * LOW HITPOINT WARNING * * *
You feel sick. The scorpion stings you.
* * * LOW HITPOINT WARNING * * *
The scorpion misses you.
Are you sure you want to abandon this character and quit the game? (Confirm with "yes".)

#.# #.>.# #...
#.# #...# #...
..# # .##.##
#... #. ......
##..
##.####.##...
###
#............ #
#..#.#..####.# #
#....sS.# .#
#...@#.......
#.......#...(...
#.##..#.#.......
#............ #.
#.###..... #.
#.# ..... # #.#
..... ..#


You could see a scorpion and an adder.

Vanquished Creatures
  An orc warrior (D:7)
  An ogre (D:5)
  A crocodile (D:7)
  2 bullfrogs (D:7)
  A scorpion (D:7)
  2 jellies
  An orc wizard (D:7)
  A worker ant (D:7)
  A hound skeleton (D:7)
  A howler monkey zombie (D:7)
  4 gnolls (D:7)
  6 adders
  2 dart slugs
  A leopard gecko (D:3)
  7 orcs (D:7)
  A bat (D:2)
  A giant cockroach (D:1)
  3 goblins
  2 hobgoblins
  2 quokkas
  2 ball pythons (D:2)
  A frilled lizard (D:2)
  2 kobolds
  4 rats
50 creatures vanquished.

Notes
Turn   | Place    | Note
-------+----------+-------------------------------------------
     0 | D:1      | 4thArraOfDagon the Gnoll Wanderer began the quest for the Orb.
     0 | D:1      | 4thArraOfDagon set off with: 3 curare-tipped needles, a +2 blowgun, a +0 ring mail, a scroll of teleportation, a bread ration
     0 | D:1      | Reached XP level 1. HP: 26/26 MP: 1/1
   109 | D:1      | Reached XP level 2. HP: 29/33 MP: 2/2
   312 | D:2      | Reached XP level 3. HP: 28/38 MP: 3/3
   478 | D:2      | Reached skill level 1 in Short Blades
   478 | D:2      | Reached skill level 1 in Long Blades
   478 | D:2      | Reached skill level 1 in Axes
   478 | D:2      | Reached skill level 1 in Polearms
   478 | D:2      | Reached skill level 1 in Staves
   478 | D:2      | Reached skill level 1 in Slings
   478 | D:2      | Reached skill level 1 in Bows
   478 | D:2      | Reached skill level 1 in Dodging
   478 | D:2      | Reached skill level 1 in Stealth
   478 | D:2      | Reached skill level 1 in Shields
   478 | D:2      | Reached skill level 1 in Unarmed Combat
   478 | D:2      | Reached skill level 1 in Spellcasting
   478 | D:2      | Reached skill level 1 in Conjurations
   478 | D:2      | Reached skill level 1 in Hexes
   478 | D:2      | Reached skill level 1 in Charms
   478 | D:2      | Reached skill level 1 in Summonings
   478 | D:2      | Reached skill level 1 in Necromancy
   478 | D:2      | Reached skill level 1 in Translocations
   478 | D:2      | Reached skill level 1 in Transmutations
   478 | D:2      | Reached skill level 1 in Fire Magic
   478 | D:2      | Reached skill level 1 in Ice Magic
   478 | D:2      | Reached skill level 1 in Air Magic
   478 | D:2      | Reached skill level 1 in Earth Magic
   478 | D:2      | Reached skill level 1 in Poison Magic
   478 | D:2      | Reached skill level 1 in Invocations
   478 | D:2      | Reached skill level 1 in Evocations
   478 | D:2      | Reached XP level 4. HP: 33/45 MP: 5/5
   641 | D:5      | Entered Level 5 of the Dungeon
   662 | D:5      | Noticed an ogre
   668 | D:5      | Killed an ogre
   668 | D:5      | Reached XP level 5. HP: 51/51 MP: 5/7
   677 | D:5      | Noticed an ice beast
   918 | D:7      | Reached XP level 6. HP: 57/57 MP: 8/8
  1011 | D:7      | Reached skill level 5 in Maces & Flails
  1011 | D:7      | Reached skill level 5 in Throwing
  1068 | D:7      | Noticed an orc warrior
  1108 | D:7      | Killed an orc warrior
  1108 | D:7      | Reached XP level 7. HP: 43/63 MP: 10/10
  1208 | D:7      | Found a shimmering altar of Xom.
  1294 | D:7      | Found a staircase to the Ecumenical Temple.
  1299 | Temple   | Entered the Ecumenical Temple
  1376 | Temple   | :(
  1388 | Temple   | Became a worshipper of Ashenzari the Shackled
  1443 | D:6      | Quit the game

Vault maps used:
D:1:      dpeg_arrival_solitude, minivault_11, minmay_misc_feat_secret_circle
D:2:      lemuel_upstairs_altar, kennysheep_pointless_box
D:3:      cheibrodos_helix_gallery, lemuel_coloured_pillars_altar, minivault_26,
          uniq_sigmund
D:4:      first_bread
D:5:      nemelex_xobeh_ov_fountains_minmay, serial_undead, serial_undead_b,
          serial_undead_d, serial_undead_c, serial_undead_f, serial_shops, shop,
          sword_in_stone
D:6:      chequers_temple_overflow_minitemple
D:7:      kennysheep_mini_moat, minmay_temple_entry_nine_rooms, grunt_livestock
Temple:   regret_index_temple_sphere_string

Skill      XL: |  1  2  3  4  5  6 |
---------------+-------------------+-----
Short Blades   | 1 2 |  2.6
Long Blades    | 1 2 |  2.6
Axes           | 1 2 |  2.6
Polearms       | 1 2 |  2.6
Staves         | 1 2 |  2.6
Slings         | 1 2 |  2.6
Bows           | 1 2 |  2.6
Dodging        | 1 2 |  2.6
Stealth        | 1 2 |  2.6
Shields        | 1 2 |  2.6
Unarmed Combat | 1 2 |  2.6
Spellcasting   | 1 2 |  2.6
Conjurations   | 1 2 |  2.6
Hexes          | 1 2 |  2.6
Charms         | 1 2 |  2.6
Summonings     | 1 2 |  2.6
Necromancy     | 1 2 |  2.6
Translocations | 1 2 |  2.6
Transmutations | 1 2 |  2.6
Fire Magic     | 1 2 |  2.6
Ice Magic      | 1 2 |  2.6
Air Magic      | 1 2 |  2.6
Earth Magic    | 1 2 |  2.6
Poison Magic   | 1 2 |  2.6
Invocations    | 1 2 |  2.6
Evocations     | 1 2 |  2.6
Crossbows      | 3 |  3.7
Armour         | 3 |  3.7
Maces & Flails | 5 |  5.3
Throwing       | 5 |  5.3
Fighting       | |  8.9

Action                   |  1- 3 |  4- 6 |  7- 9 || total
-------------------------+-------+-------+-------++-------
Melee: Whip              |    81 |    24 |       ||   105
       Bite              |     9 |     1 |    11 ||    21
       Trident           |       |    26 |    67 ||    93
       Punch             |       |       |     4 ||     4
 Fire: Blowgun           |     4 |    12 |     4 ||    20
Throw: Javelin           |       |    18 |       ||    18
  Use: Scroll            |       |    10 |       ||    10
 Stab: Sleeping          |       |     2 |     1 ||     3
       Confused          |       |     1 |       ||     1
  Eat: Chunk             |       |     1 |     1 ||     2
Armor: Ring mail         |    37 |    16 |    14 ||    67
Dodge: Dodged            |    51 |    27 |    45 ||   123

Table legend:
 A = Spawn XP
 B = Non-spawn XP
 C = Spawn XP percentage of total XP
 D = Spawn monster count
 E = Non-spawn monster count
 F = Spawn count percentage of total count
 G = Total turns spent on level
                    A         B        C        D         E        F      G
               +---------+---------+-------+---------+---------+-------+---------
         Total |       0 |    1010 |   0.0 |       0 |      50 |   0.0 |  1443
               +---------+---------+-------+---------+---------+-------+---------
           D:1 |       0 |      10 |   0.0 |       0 |       5 |   0.0 |   116
           D:2 |       0 |      73 |   0.0 |       0 |      16 |   0.0 |   414
           D:3 |       0 |       7 |   0.0 |       0 |       3 |   0.0 |    53
           D:5 |       0 |     121 |   0.0 |       0 |       1 |   0.0 |    49
           D:6 |       0 |      70 |   0.0 |       0 |       4 |   0.0 |   222
           D:7 |       0 |     729 |   0.0 |       0 |      21 |   0.0 |   431
               +---------+---------+-------+---------+---------+-------+---------
